 Dungeon Crawl Stone Soup version 0.22-a0-322-g60b3cfd (webtiles) character file.

84 sankara the Chopper (level 4, -1/41 HPs)
             Began as a Hill Orc Monk on Apr 4, 2018.
             Was a Priest of Beogh.
             Slain by an orc
             ... wielding a +0 hand axe
              (5 damage)
             ... on level 2 of the Dungeon.
             The game lasted 00:06:03 (1628 turns).

sankara the Chopper (Hill Orc Monk)                 Turns: 1628, Time: 00:06:03

Health: -1/41      AC:  3    Str: 14    XL:     4   Next: 46%
Magic:  4/4        EV: 13    Int: 10    God:    Beogh [***...]
Gold:   57         SH:  0    Dex: 13    Spells: 3/3 levels left

rFire    . . .     SeeInvis .   a - +0 hand axe
rCold    . . .     Gourm    .   (no shield)
rNeg     . . .     Faith    .   b - +0 robe
rPois    .         Spirit   .   k - +0 hat
rElec    .         Reflect  .   (no cloak)
rCorr    .         Harm     .   i - +0 pair of gloves
MR       .....                  (no boots)
Stlth    ++........             (no amulet)
HPRegen  0.13/turn              (no ring)
MPRegen  0.09/turn              (no ring)

@: no status effects
A: no striking features
a: Smiting, Renounce Religion


You were on level 2 of the Dungeon.
You worshipped Beogh.
Beogh was most pleased with you.
You were not hungry.

You visited 1 branch of the dungeon, and saw 2 of its levels.

You collected 57 gold pieces.

Inventory:

Hand Weapons
 a - a +0 hand axe (weapon)
Missiles
 j - 17 stones (quivered)
Armour
 b - a +0 robe (worn)
 i - a +0 pair of gloves (worn)
   (You found it on level 1 of the Dungeon)
 k - a +0 hat (worn)
   (You found it on level 2 of the Dungeon)
Scrolls
 e - a scroll of magic mapping {unknown}
 g - a scroll of remove curse {unknown}
 h - a scroll of identify {unknown}
Potions
 d - a potion of curing {unknown}
 f - a potion of haste {unknown}
Comestibles
 c - 3 rations
 l - 5 chunks of flesh {@w0}


   Skills:
 + Level 4.6 Fighting
 * Level 6.0 Axes
 - Level 2.4 Dodging
 - Level 1.5 Stealth


You had 3 spell levels left.
You didn't know any spells.

Dungeon Overview and Level Annotations

Branches:
Dungeon (2/15)

Altars:
Beogh


Message History

You hit the adder.
The adder is heavily wounded.
The adder misses you.
You hit the adder.
The adder is heavily wounded.
The adder bites you but does no damage. The adder barely misses you.
You hit the adder.
The adder is severely wounded.
The adder barely misses you.
You slash the adder!
You kill the adder!
Beogh accepts your kill.
No target in view!
You see here an adder corpse.
You butcher the adder corpse.
l - 5 chunks of flesh {@w0} (gained 1)
A giant cockroach comes into view.
The giant cockroach barely misses you.
You hit the giant cockroach.
The giant cockroach is moderately wounded.
The giant cockroach bites you but does no damage.
The giant cockroach closely misses you.
You hit the giant cockroach.
You kill the giant cockroach!
Beogh accepts your kill.
No target in view!
No target in view!
Found a stone staircase leading up.
A rat comes into view.
You slash the rat!
You kill the rat!
Beogh accepts your kill.
No target in view!
No target in view! 2 orcs come into view.
You see here a rat corpse.
You butcher the rat corpse.
The orc shouts!
You hear a shout!
You see here a chunk of flesh {@w0}.
There are monsters nearby! 2 orcs and an orc priest come into view.
The orc shouts! x2
The orc priest shouts!
The orc misses you.
Welcome back, sankara the Hill Orc Monk.
Beogh says: Drown the unbelievers in a sea of blood!
Press ? for a list of commands and other information.
You hit the orc.
You kill the orc!
Beogh accepts your kill. The orc closely misses you.
Things that are here:
a hand axe; an orc corpse You slash the orc!
You kill the orc!
Beogh accepts your kill.
You can now gain orcish followers.
You hit the orc. The orc closely misses you.
You hit the orc.
The orc is almost dead.
You hit the orc priest.
The orc priest hits you with a short sword.
The orc misses you.
You hit the orc.
You kill the orc!
Beogh accepts your kill.
You closely miss the orc priest.
The orc priest casts a cantrip, but nothing happens.
You hit the orc priest.
The orc priest is moderately wounded.
You hit the orc.
The orc priest mumbles some strange prayers to Beogh against you.
Beogh smites you! The orc closely misses you.
You hit the orc priest.
The orc priest is severely wounded.
You barely miss the orc.
The orc priest hits you with a short sword.
The orc barely misses you.
You hit the orc priest.
The orc priest is severely wounded.
You hit the orc but do no damage.
The orc priest hits you but does no damage.
The orc misses you.
You hit the orc priest.
The orc priest is almost dead.
You hit the orc but do no damage.
The orc priest invokes the aid of Beogh against you.
Beogh smites you!
* * * LOW HITPOINT WARNING * * *
The orc hits you with a hand axe.
* * * LOW HITPOINT WARNING * * *
A worm comes into view.
You hit the orc priest.
You kill the orc priest!
Beogh accepts your kill.
Beogh appreciates your killing of a heretic priest.
Your Axes skill increases to level 6!
You have reached level 4!
You hit the orc. The orc hits you with a hand axe.
You die...
Beogh appreciates the orc's killing of a heretic priest.

#.##.# ..### ###
#.##.#...... ..#
#.##.#...### # #.#
#.##.#...### ###. #.#
#.##.#<.....
....w####.###.##.##.####
......l....(..##.##.####
#...o@...%............
##.####.##.###.##.##.#
#.##.###........
................
....#.####.......
###..............#
#.$#.##.#.####+#
#..#.##.#.##.... #
#.#.....


You could see a worm, an orc and a frilled lizard.

Vanquished Creatures
  An orc priest (D:2)
  2 adders (D:2)
  An ooze (D:1)
  3 orcs (D:2)
  2 bats
  3 giant cockroaches
  4 goblins
  3 hobgoblins
  3 jackals (D:2)
  3 kobolds (D:1)
  A frilled lizard (D:2)
  2 rats
28 creatures vanquished.

Notes
Turn   | Place    | Note
-------+----------+-------------------------------------------
     0 | D:1      | sankara the Hill Orc Monk began the quest for the Orb.
     0 | D:1      | Reached XP level 1. HP: 19/19 MP: 1/1
   429 | D:1      | Reached XP level 2. HP: 25/27 MP: 2/2
   576 | D:1      | Reached skill level 4 in Fighting
  1044 | D:2      | Found a faded altar of an unknown god.
  1264 | D:2      | Became a worshipper of Beogh the Brigand
  1264 | D:2      | Reached * piety under Beogh
  1264 | D:2      | Reached ** piety under Beogh
  1324 | D:2      | Reached skill level 5 in Axes
  1332 | D:2      | Reached XP level 3. HP: 20/33 MP: 3/3
  1621 | D:2      | Reached *** piety under Beogh
  1627 | D:2      | HP: 8/34 [orc priest/divine providence (10)]
  1627 | D:2      | HP: 3/34 [orc/hand axe (5)]
  1628 | D:2      | Reached skill level 6 in Axes
  1628 | D:2      | Reached XP level 4. HP: 4/41 MP: 4/4
  1628 | D:2      | Slain by an orc

Vault maps used:
D:1:      minmay_arrival_pointy
D:2:      chequers_ecumenical_altar_grove, item_on_display_a, uniq_jessica

Skill      XL: |  1  2  3 |
---------------+----------+-----
Fighting       | 4 |  4.6
Axes           | 5 6 |  6.0
Dodging        | |  2.4
Stealth        | |  1.5

Action                   |  1- 3 |  4- 6 || total
-------------------------+-------+-------++-------
Melee: Hand axe          |    90 |       ||    90
Throw: Stone             |     4 |       ||     4
 Stab: Sleeping          |     3 |       ||     3
  Eat: Chunk             |     2 |       ||     2
Armor: Robe              |    13 |       ||    13
Dodge: Dodged            |    70 |       ||    70

Table legend:
 A = Spawn XP
 B = Non-spawn XP
 C = Spawn XP percentage of total XP
 D = Spawn monster count
 E = Non-spawn monster count
 F = Spawn count percentage of total count
 G = Total turns spent on level
                    A         B        C        D         E        F      G
               +---------+---------+-------+---------+---------+-------+---------
         Total |       0 |     121 |   0.0 |       0 |      28 |   0.0 |  1628
               +---------+---------+-------+---------+---------+-------+---------
           D:1 |       0 |      22 |   0.0 |       0 |      10 |   0.0 |   812
           D:2 |       0 |      99 |   0.0 |       0 |      18 |   0.0 |   816
               +---------+---------+-------+---------+---------+-------+---------

Vault maps used:
D:1:      minmay_arrival_pointy
D:2:      chequers_ecumenical_altar_grove, item_on_display_a, uniq_jessica

Table legend:
 A = Turns spent in this place as a percentage of turns spent in the entire game.
 B = Non-inter-level travel turns spent in this place as a percentage of non-inter-level travel turns spent in the entire game.
 C = Inter-level travel turns spent in this place as a percentage of turns spent in this place.
 D = Turns resting spent in this place as a percentage of non-inter-level travel turns spent in this place.
 E = Turns spent auto-exploring this place as a percentage of non-inter-level travel turns spent in this place.
 F = Non-inter-level travel turns spent in this place divided by the number of levels of this place that you've seen.
                   A       B       C       D       E      F
               +-------+-------+-------+-------+-------+----------------------
         Total | 100.0 | 100.0 |   4.6 |  20.7 |  50.0 | 776.5
       Dungeon | 100.0 | 100.0 |   4.6 |  20.7 |  50.0 | 776.5
               +-------+-------+-------+-------+-------+----------------------

Table legend:
 A = Kills in this place as a percentage of kills in entire the game.
 B = Kills by you in this place as a percentage of kills by you in the entire game.
 C = Kills by friends in this place as a percentage of kills by friends in the entire game.
 D = Other kills in this place as a percentage of other kills in the entire game.
 E = Experience gained in this place as a percentage of experience gained in the entire game.
 F = Experience gained in this place divided by the number of levels of this place that you have seen.
                   A       B       C       D       E      F
               +-------+-------+-------+-------+-------+----------------------
         Total | 100.0 | 100.0 |   N/A |   N/A | 100.0 |  60.5
       Dungeon | 100.0 | 100.0 |   N/A |   N/A | 100.0 |  60.5
               +-------+-------+-------+-------+-------+----------------------
